 Dungeon Crawl Stone Soup version 0.28.0-43-g3370ac3207 (webtiles) character file.

Game seed: 4800762103162357003

39 maeasthma the Vexing (level 3, -3/17 HPs)
             Began as a Spriggan Arcane Marksman on Mar 10, 2022.
             Killed from afar by Natasha (7 damage)
             ... with a magic dart
             ... on level 2 of the Dungeon.
             The game lasted 00:09:28 (1073 turns).

maeasthma the Vexing (Spriggan Arcane Marksman)     Turns: 1073, Time: 00:09:29

Health: -3/17      AC:  2    Str: 12    XL:     3   Next: 26%
Magic:  4/7        EV: 18    Int: 14    God:
Gold:   39         SH:  0    Dex: 17    Spells: 5/6 levels left

rFire   . . .      SeeInvis +   a - +0 shortbow
rCold   . . .      Faith    .   (shield currently unavailable)
rNeg    . . .      Spirit   .   d - +0 robe
rPois   .          Reflect  .   (helmet restricted)
rElec   .          Harm     .   (no cloak)
rCorr   .          Rampage  .   (gloves unavailable)
Will    .....                   (boots unavailable)
Stlth   ++........              (no amulet)
HPRegen 0.05/turn               m - +6 ring of strength
MPRegen 0.10/turn               (no ring)

@: slowed, quick
A: very small, no large weapons, unfitting armour, see invisible, speed 3
a: no special abilities


You were on level 2 of the Dungeon.
You visited 1 branch of the dungeon, and saw 2 of its levels.

You collected 69 gold pieces.
You spent 30 gold pieces at shops.

Inventory:

Hand Weapons
 a - a +0 shortbow (weapon)
Missiles
 b - 27 stones
 c - 45 arrows (quivered ammo)
 f - 21 bolts
Armour
 d - a +0 robe (worn)
Jewellery
 m - a +6 ring of strength (left hand)
Scrolls
 e - a scroll of teleportation {unknown}
 i - a scroll of identify {unknown}
 j - a scroll of noise {unknown}
 n - a scroll of blinking {unknown}
Potions
 g - 3 potions of heal wounds {unknown}
 h - a potion of degeneration {unknown}
 k - a potion of resistance {unknown}
 l - a potion of lignification {unknown}
 o - a potion of ambrosia {unknown}


   Skills:
 + Level 0.8 Fighting
 + Level 3.5 Bows
 + Level 3.0 Dodging
 + Level 1.0 Stealth
 + Level 2.0 Spellcasting
 + Level 4.0 Hexes


You had 5 spell levels left.
You knew the following spells:

 Your Spells              Type           Power      Damage    Failure   Level
a - Slow                  Hex            48%        N/A       4%          1

Your spell library contained the following spells:

 Spells                   Type           Power      Damage    Failure   Level
 Inner Flame              Hex/Fire       7%         N/A       30%         3
 Portal Projectile        Hex/Tloc       14%        N/A       30%         3
 Cause Fear               Hex            6%         N/A       41%         4


Dungeon Overview and Level Annotations

Branches:
Dungeon (2/15)

Altars:

Shops:
D:2 ((

Annotations:
D:2 Natasha


Innate Abilities, Weirdness & Mutations

You are very small and have problems with some larger weapons.
You are too small for most types of armour.
You have supernaturally acute eyesight. (SInv)
You cover ground extremely quickly. (Speed+++)


Message History

Natasha zaps a wand.
The puff of flame hits you!
Ouch! That really hurt!
Fire: 47 arrows
Press: ? - help, Q - select action, (/) - cycle Shift-Dir - straight line, f/p - Natasha
Aim: Natasha, carrying a wand of flame (18) (severely wounded, 53% to hit)
You shoot an arrow. The arrow hits Natasha.
Natasha is severely wounded.
Casting: Slow (safe; 4% risk of failure)
Confirm with . or Enter, or press ? or * to list all spells.
Aiming: Slow (safe; 4% risk of failure)
Press: ? - help, Shift-Dir - straight line, f/p - Natasha
Aim: Natasha, carrying a wand of flame (18) (severely wounded, chance to affect: 50%) Natasha resists with significant effort.
Natasha zaps a wand.
The puff of flame misses you.
You see here an arrow.
Casting: Slow (safe; 4% risk of failure)
Confirm with . or Enter, or press ? or * to list all spells.
Aiming: Slow (safe; 4% risk of failure)
Press: ? - help, Shift-Dir - straight line, f/p - Natasha
Aim: Natasha, carrying a wand of flame (17) (severely wounded, chance to affect: 50%) Natasha resists with significant effort.
A rat comes into view.
Natasha mumbles some strange words.
The rat moves out of view.
Fire: 46 arrows
Press: ? - help, Q - select action, (/) - cycle Shift-Dir - straight line, f/p - Natasha
Aim: Natasha, carrying a wand of flame (17) (severely wounded, 53% to hit)
You shoot an arrow. The arrow hits the shadow imp!
The shadow imp is severely wounded.
The shadow imp hits you.
* * * LOW HITPOINT WARNING * * *
Natasha stares at you and mumbles some strange words.
You feel yourself slow down. The shadow imp puffs mist at you.
The shadow imp gestures at you.
You struggle to resist.
Found a dagger.
Natasha casts a spell at you. The magic dart hits you!
You die...

####### ### #.....########
.... .........#...## #....
..............## #####.....
...............#####.....(...
...............#.....##.....?
...............#'#.5.(.......
...............'.'.h(...#
.........#...###@#.###.##
.....................).#
#......#......##...#####
######......#....### ##
##.....#.#### .# #........ .#
#..... .## . ..###


You could see Natasha and a shadow imp (summoned).

Vanquished Creatures
  2 adders (D:2)
  A ball python (D:2)
  2 endoplasms
  2 giant cockroaches (D:1)
  3 goblins
  A hobgoblin (D:2)
  A quokka (D:1)
  4 bats
  2 frilled lizards (D:1)
  3 rats
21 creatures vanquished.

Notes
Turn   | Place    | Note
-------+----------+-------------------------------------------
     0 | D:1      | maeasthma the Spriggan Arcane Marksman began the quest for
                  | the Orb.
     0 | D:1      | Reached XP level 1. HP: 9/9 MP: 3/3
   533 | D:1      | Reached XP level 2. HP: 14/14 MP: 5/5
   844 | D:2      | Reached skill level 1 in Stealth
   845 | D:2      | Found a faded altar of an unknown god.
   871 | D:2      | Found Peemek's Weapon Shoppe.
   883 | D:2      | Reached XP level 3. HP: 17/17 MP: 4/7
   916 | D:2      | Bought 11 arrows for 30 gold pieces
   922 | D:2      | Found Beptiqy's Antique Weapon Boutique.
  1003 | D:2      | Reached skill level 4 in Hexes
  1046 | D:2      | Found Peshriank's Book Boutique.
  1062 | D:2      | Noticed Natasha
  1073 | D:2      | Killed from afar by Natasha

Illustrated notes

Levels and vault maps discovered:
D:1:      dpeg_arrival_castle, layout_rooms, patterned_corridor
D:2:      layout_rooms, serial_shops, shop, nicolae_shop_crystal,
          nicolae_shop_behind_doors, nicolae_shop_stone,
          shapermc_ecumenical_altar_pompeii, uniq_natasha,
          uniq_crazy_yiuf_cottage

Skill      XL: |  1  2  3 |
---------------+----------+-----
Bows           | 3 |  3.5
Dodging        | 3 |  3.0
Stealth        | 1 |  1.0
Spellcasting   | 2 |  2.0
Hexes          | 4 |  4.0
Fighting       | |  0.8

Action                   || total
-------------------------++-------
 Fire: Shortbow          ||    58
 Cast: Slow              ||    17
Armor: Robe              ||     1
Dodge: Dodged            ||    28
